 Dungeon Crawl Stone Soup version 0.28-a0-1382-g92835e5c71 (webtiles) character file.

Game seed: 9755652665245388186

608 fragbeetle the Cudgeller (level 7, -5/70 HPs)
             Began as a Troll Berserker on Jan 1, 2022.
             Was a Priest of Trog.
             Slain by an orc (6 damage)
             ... on level 4 of the Dungeon.
             The game lasted 00:09:39 (3012 turns).

fragbeetle the Cudgeller (Troll Berserker)          Turns: 3012, Time: 00:09:40

Health: -5/70      AC:  4    Str: 26    XL:     7   Next: 19%
Magic:  6/6        EV: 10    Int:  5    God:    Trog [***...]
Gold:   148        SH:  0    Dex:  9    Spells: 6/6 levels left

rFire   . . .      SeeInvis .   a - +0 mace
rCold   . . .      Faith    .   (no shield)
rNeg    . . .      Spirit   .   b - +0 animal skin
rPois   .          Reflect  .   (helmet restricted)
rElec   .          Harm     .   (no cloak)
rCorr   .          Rampage  .   (gloves unavailable)
Will    .....                   (boots unavailable)
Stlth   +.........              (no amulet)
HPRegen 1.01/turn               (no ring)
MPRegen 0.10/turn               (no ring)

@: on berserk cooldown, slowed, very slow
A: large, unfitting armour, claws 3, regeneration 1, shaggy fur 1, tough skin 1
a: Renounce Religion, Berserk, Trog's Hand


You were on level 4 of the Dungeon.
You worshipped Trog.
Trog was most pleased with you.
You visited 1 branch of the dungeon, and saw 4 of its levels.
You also visited: Sewer.

You collected 148 gold pieces.

Inventory:

Hand Weapons
 a - a +0 mace (weapon)
Missiles
 h - 65 stones (quivered)
 v - 13 sling bullets
Armour
 b - a +0 animal skin (worn)
Jewellery
 k - a ring of resist corrosion
Wands
 m - a wand of flame (12)
 s - a wand of paralysis (3)
Scrolls
 c - a scroll of amnesia {unknown}
 e - a scroll of enchant weapon {unknown}
 i - a scroll of enchant armour {unknown}
 o - 2 scrolls of teleportation {unknown}
 p - 2 scrolls of identify {unknown}
 q - a scroll of magic mapping {unknown}
 u - a scroll of summoning {unknown}
 w - a scroll of holy word {unknown}
Potions
 d - a potion of curing {unknown}
 f - 3 potions of degeneration {unknown}
 g - 3 potions of haste {unknown}
 j - a potion of heal wounds {unknown}
 l - 2 potions of might {unknown}
 n - a potion of brilliance {unknown}
 r - a potion of lignification {unknown}
 t - a potion of resistance {unknown}


   Skills:
 + Level 4.0 Fighting
 * Level 5.6 Maces & Flails
 + Level 4.1 Dodging


You had 6 spell levels left.
You didn't know any spells.
Your spell library was empty.

Dungeon Overview and Level Annotations

Branches:
Dungeon (4/15)             Temple (0/1) D:4           Sewer (visited)

Altars:

Shops:
D:2 [


Innate Abilities, Weirdness & Mutations

You are too large for most types of armour.
You have claws for hands.
Your natural rate of healing is unusually fast.
You are covered in fur. (AC +1)
You have tough skin. (AC +1)


Message History

The orc hits you from afar with a +1 trident of distortion.
You sock the orc warrior!
The orc warrior is severely wounded.
The orc warrior hits you with a +0 battleaxe!
The orc hits you from afar with a +1 trident of distortion!
* * * LOW HITPOINT WARNING * * *
Space warps around you.
* * * LOW HITPOINT WARNING * * *
You completely miss the orc warrior.
The orc warrior is severely wounded.
You hit the orc.
The orc is lightly wounded.
The orc hits you from afar with a +1 trident of distortion.
* * * LOW HITPOINT WARNING * * *
You closely miss the orc.
The orc is lightly wounded.
The orc warrior hits you with a +0 battleaxe!
* * * LOW HITPOINT WARNING * * *
The orc closely misses you.
The orc hits you from afar with a +1 trident of distortion.
* * * LOW HITPOINT WARNING * * *
You blink.
You sock the orc warrior!
You kill the orc warrior!
Trog accepts your kill.
The orc hits you from afar with a +1 trident of distortion.
* * * LOW HITPOINT WARNING * * *
Your Fighting skill increases to level 4!
Unknown command.
You feel a strong urge to attack something.
You are no longer berserk.
You are exhausted.
You feel yourself slow down.
You hit the orc.
The orc is lightly wounded.
The orc hits you with a +1 trident of distortion.
* * * LOW HITPOINT WARNING * * *
The orc closely misses you.
The orc hits you with a +1 trident of distortion.
You die...

........####.#####S...#..........
##..###.......# ##...#..........
...## ##......# ##.............
...## ##.....# ##.............
.....####.....# #..#...........
...#..........#####..#..#.....#..
.......##............†.......##..
................................#
...####.......##@..)..........###
...# ##....)..oo.†............#
...#####........#............#[##
##.......#...))..............#.÷#
...#######.....##[...........##.#
..............###..........<.....
###.).........# #............###.
.............#......>.....# #.
..........##..............###.


You could see 2 orcs.

Vanquished Creatures
  Pargi (Sewer)
  An orc warrior (D:4)
  2 scorpions
  A centaur skeleton (D:3)
  7 gnolls
  11 adders
  A worm (D:3)
  3 dart slugs
  3 orcs (D:4)
  3 ball pythons
  9 bats
  10 endoplasms
  3 giant cockroaches
  11 goblins
  12 hobgoblins
  9 jackals
  9 kobolds
  2 quokkas
  A frilled lizard (D:1)
  A rat (D:4)
100 creatures vanquished.

Notes
Turn   | Place    | Note
-------+----------+-------------------------------------------
     0 | D:1      | fragbeetle the Troll Berserker began the quest for the Orb.
     0 | D:1      | Reached XP level 1. HP: 22/22 MP: 0/0
    54 | D:1      | Reached XP level 2. HP: 23/29 MP: 1/1
   146 | D:1      | Reached skill level 3 in Maces & Flails
   238 | D:1      | Reached XP level 3. HP: 35/36 MP: 2/2
   243 | D:1      | Reached ** piety under Trog
   667 | D:2      | Reached XP level 4. HP: 45/45 MP: 3/3
   797 | D:2      | Found a faded altar of an unknown god.
   910 | D:2      | Found Perchy's Armour Emporium.
   975 | D:2      | Reached skill level 4 in Maces & Flails
   985 | D:2      | Reached XP level 5. HP: 47/53 MP: 4/4
  1827 | D:3      | Reached XP level 6. HP: 61/61 MP: 5/5
  2245 | D:3      | Reached *** piety under Trog
  2338 | D:4      | Noticed an orc warrior
  2516 | D:4      | Found a staircase to the Ecumenical Temple.
  2569 | D:4      | Found a glowing drain.
  2586 | Sewer    | Entered a sewer
  2684 | Sewer    | Noticed Pargi
  2698 | Sewer    | Killed Pargi
  2699 | Sewer    | Reached skill level 5 in Maces & Flails
  2928 | D:4      | Reached XP level 7. HP: 68/68 MP: 6/6
  3009 | D:4      | HP: 2/102 [orc (6)]
  3012 | D:4      | Slain by an orc

Illustrated notes

Levels and vault maps discovered:
D:1:      wander_arrival_abandoned_jail, layout_rooms
D:2:      layout_basic, serial_shops, shop, nicolae_ecumenical_lake_church
D:3:      layout_basic, chequers_serial_rivers_room_a, chequers_decorated_corner
D:4:      layout_rooms, minmay_temple_entry_arrows, portal_sewer_entry_b

Skill      XL: |  1  2  3  4  5  6  7 |
---------------+----------------------+-----
Maces & Flails | 3 4 5 |  5.6
Dodging        | 3 4 |  4.1
Fighting       | 3 4 |  4.0

Action                   |  1- 3 |  4- 6 |  7- 9 || total
-------------------------+-------+-------+-------++-------
Melee: Mace              |   134 |   234 |    12 ||   380
Throw: Stone             |       |     3 |       ||     3
Invok: Berserk           |     1 |     6 |     1 ||     8
Armor: Animal skin       |    72 |    81 |     1 ||   154
Dodge: Dodged            |   113 |   142 |     7 ||   262

Table legend: (Time is in decaauts)
 A = Elapsed time spent in this place.
 B = Non-inter-level travel time spent in this place.
 C = Inter-level travel time spent in this place.
 D = Time resting spent in this place.
 E = Time spent auto-exploring this place.
 F = Levels seen in this place.
 G = Mean time per level.
                   A        B        C        D        E       F      G
               +--------+--------+--------+--------+--------+-----+--------+
         Total |   3142 |   2962 |    180 |    126 |   1405 |   5 |  628.4 |
       Dungeon |   2926 |   2746 |    180 |    101 |   1405 |   4 |  731.5 |
         Sewer |    216 |    216 |      0 |     25 |      0 |   1 |  216.0 |
               +--------+--------+--------+--------+--------+-----+--------+

Top non-repeatable levels by time:
     D:3: 957 daAuts
     D:2: 876 daAuts
     D:1: 622 daAuts
     D:4: 469 daAuts
   Sewer: 216 daAuts
